[ PARTIDA AOE2 · #478675279 ]
UnrankedMuiscas vs Spanish
Equipo del jugador · DERR
[ ANÁLISIS DE REPETICIÓN · EXTRAÍDO DE LA PARTIDA GRABADA ]
Feudal
13:16
Castillos
22:03
Imperial
38:16
| APM promedio | 50.5 |
| APM pico | 102 |
| eAPM promedio | 25.2 |
| Aldeanos / militares | 115 / 116 |
Foco
⚔️ 41.4% · 🌾 58.6%
Archer ×107 · Fishing Ship ×12 · Monk ×5 · Unknown (2562) ×4 · Trebuchet (Packed) ×4
Feudal
12:26
Castillos
24:23
Imperial
—
| APM promedio | 29.8 |
| APM pico | 60 |
| eAPM promedio | 17.1 |
| Aldeanos / militares | 70 / 7 |
Foco
⚔️ 42.4% · 🌾 57.6%
Unknown (2626) ×19 · Fishing Ship ×13 · Organ Gun ×6 · Galley ×1
Feudal
12:43
Castillos
16:21
Imperial
36:08
| APM promedio | 45.0 |
| APM pico | 78 |
| eAPM promedio | 21.4 |
| Aldeanos / militares | 181 / 97 |
Foco
⚔️ 22.6% · 🌾 77.4%
Knight ×75 · Conquistador ×20 · Fishing Ship ×16 · Monk ×1 · Trebuchet (Packed) ×1
Feudal
13:18
Castillos
22:51
Imperial
31:31
| APM promedio | 29.2 |
| APM pico | 100 |
| eAPM promedio | 19.3 |
| Aldeanos / militares | 98 / 30 |
Foco
⚔️ 31.2% · 🌾 68.8%
Fishing Ship ×30 · Galley ×14 · Chu Ko Nu ×9 · Iron Pagoda ×4 · Trebuchet (Packed) ×3
Feudal
14:33
Castillos
18:48
Imperial
—
| APM promedio | 32.5 |
| APM pico | 67 |
| eAPM promedio | 17.7 |
| Aldeanos / militares | 93 / 77 |
Foco
⚔️ 31.9% · 🌾 68.1%
Huskarl ×76 · Fishing Ship ×9 · Battering Ram ×1
Feudal
12:52
Castillos
16:27
Imperial
35:58
| APM promedio | 47.2 |
| APM pico | 92 |
| eAPM promedio | 21.8 |
| Aldeanos / militares | 135 / 80 |
Foco
⚔️ 25.9% · 🌾 74.1%
Spearman ×45 · Hussite Wagon ×17 · Bombard Cannon ×7 · Monk ×4 · Fishing Ship ×4 · Trebuchet (Packed) ×4
Feudal
13:42
Castillos
17:48
Imperial
—
| APM promedio | 33.7 |
| APM pico | 80 |
| eAPM promedio | 14.8 |
| Aldeanos / militares | 76 / 6 |
Foco
⚔️ 33.1% · 🌾 66.9%
Fishing Ship ×8 · Tarkan ×5 · Transport Ship ×1
Feudal
13:12
Castillos
28:22
Imperial
—
| APM promedio | 42.1 |
| APM pico | 72 |
| eAPM promedio | 18.3 |
| Aldeanos / militares | 124 / 5 |
Foco
⚔️ 23.2% · 🌾 76.8%
Unknown (1949) ×27 · Fishing Ship ×19 · Unknown (2626) ×11 · Battering Ram ×5
Mapa de la partida
Recursos iniciales + cada clic de construcción. Líneas = muros · curvas = relieve. ◆ oro · ⬟ piedra · ● bayas · ✦ reliquia · ◌ hueco del cierre
Tu base· Abierta — flanco sin cerrar
Base de GAX | Anderson Cassiano· Abierta — hueco de 5t
Base de GAX | Kareca· Abierta — flanco sin cerrar
Base de GAX | lee17-han· Abierta — flanco sin cerrar
Base de GAX | Nuno· Abierta — flanco sin cerrar
Base de GAX | Urubu· Abierta — hueco de 11t
Base de GAX | Mr.P· Abierta — hueco de 12t
Base de GAX | SãoPauloFC· Abierta — hueco de 2t
Terreno inicial suavizado · ◌ = hueco del cierre detectado · pasá el cursor para detalles
Inputs por minuto
— GAX | toasty - - GAX | Anderson Cassiano
Build order — GAX | toasty
Primeras 150 de 398 acciones detectadas
| 0:15 | Construir | Town Center |
| 0:30 | Construir | Dock |
| 1:12 | Construir | House |
| 2:31 | Crear | Villager (Male) |
| 2:31 | Crear | Villager (Male) |
| 2:36 | Crear | Villager (Male) |
| 2:36 | Crear | Villager (Male) |
| 3:37 | Crear | Villager (Male) |
| 4:29 | Crear | Villager (Male) |
| 4:29 | Crear | Fishing Ship |
| 4:51 | Construir | House |
| 5:08 | Crear | Villager (Male) |
| 5:10 | Investigar | Loom |
| 5:29 | Crear | Villager (Male) |
| 5:38 | Construir | House |
| 5:41 | Crear | Villager (Male) |
| 6:07 | Crear | Villager (Male) |
| 6:20 | Crear | Villager (Male) |
| 6:26 | Crear | Fishing Ship |
| 6:48 | Crear | Villager (Male) |
| 6:55 | Crear | Fishing Ship |
| 7:07 | Construir | Outpost |
| 7:17 | Crear | Villager (Male) |
| 7:57 | Crear | Villager (Male) |
| 7:58 | Crear | Fishing Ship |
| 8:11 | Crear | Villager (Male) |
| 8:23 | Crear | Fishing Ship |
| 8:32 | Construir | House |
| 8:34 | Crear | Villager (Male) |
| 8:46 | Construir | Settlement |
| 9:13 | Crear | Villager (Male) |
| 9:21 | Construir | Dock |
| 9:44 | Crear | Villager (Male) |
| 10:16 | Crear | Villager (Male) |
| 10:28 | Construir | Settlement |
| 10:32 | Crear | Villager (Male) |
| 10:36 | Crear | Fishing Ship |
| 10:57 | Investigar | Feudal Age |
| 10:58 | Investigar | Feudal Age |
| 12:08 | Construir | Settlement |
| 12:25 | Crear | Villager (Male) |
| 12:31 | Crear | Fishing Ship |
| 12:31 | Crear | Fishing Ship |
| 12:54 | Crear | Villager (Male) |
| 13:16 | Edad | Edad Feudal |
| 13:17 | Investigar | Town Watch |
| 13:23 | Construir | Watch Tower |
| 13:27 | Construir | Palisade Wall |
| 13:28 | Construir | Palisade Wall |
| 13:28 | Construir | Palisade Wall |
| 13:29 | Construir | Palisade Wall |
| 13:29 | Construir | Palisade Wall |
| 13:29 | Construir | Palisade Wall |
| 13:29 | Construir | Palisade Wall |
| 13:40 | Crear | Villager (Male) |
| 13:44 | Investigar | Double-Bit Axe |
| 14:05 | Crear | Villager (Male) |
| 14:14 | Construir | Blacksmith |
| 14:30 | Crear | Villager (Male) |
| 14:31 | Crear | Villager (Male) |
| 14:44 | Construir | Watch Tower |
| 14:52 | Construir | Outpost |
| 14:55 | Construir | Outpost |
| 15:14 | Crear | Villager (Male) |
| 15:20 | Construir | Market |
| 15:29 | Construir | Palisade Wall |
| 15:29 | Construir | Palisade Wall |
| 15:30 | Construir | Palisade Wall |
| 15:33 | Investigar | Fletching |
| 15:39 | Crear | Villager (Male) |
| 15:45 | Investigar | Tech 906 |
| 15:53 | Crear | Villager (Male) |
| 16:32 | Construir | Watch Tower |
| 16:36 | Construir | Watch Tower |
| 16:41 | Crear | Fishing Ship |
| 16:45 | Crear | Villager (Male) |
| 16:49 | Construir | Outpost |
| 17:14 | Construir | Outpost |
| 17:20 | Crear | Fishing Ship |
| 17:20 | Crear | Fishing Ship |
| 17:22 | Crear | Villager (Male) |
| 17:30 | Construir | Outpost |
| 17:34 | Construir | Outpost |
| 17:42 | Crear | Villager (Male) |
| 17:51 | Construir | House |
| 17:52 | Construir | House |
| 17:59 | Construir | House |
| 18:26 | Construir | Watch Tower |
| 18:29 | Construir | Palisade Wall |
| 18:29 | Construir | Palisade Wall |
| 18:30 | Construir | Palisade Wall |
| 18:30 | Construir | Palisade Wall |
| 18:30 | Construir | Palisade Wall |
| 18:31 | Construir | Palisade Wall |
| 18:31 | Construir | Palisade Wall |
| 19:23 | Investigar | Castle Age |
| 19:23 | Investigar | Castle Age |
| 20:50 | Investigar | Padded Archer Armor |
| 21:09 | Crear | Villager (Male) |
| 21:15 | Construir | House |
| 21:18 | Construir | Outpost |
| 21:49 | Crear | Villager (Male) |
| 22:00 | Crear | Villager (Male) |
| 22:03 | Edad | Edad de los Castillos |
| 22:16 | Construir | Town Center |
| 22:34 | Construir | Castle |
| 22:39 | Investigar | War Galley (upgrade) |
| 22:39 | Investigar | War Galley (upgrade) |
| 22:45 | Crear | Villager (Male) |
| 22:51 | Crear | Villager (Male) |
| 22:51 | Crear | Villager (Male) |
| 23:03 | Investigar | Bow Saw |
| 23:11 | Crear | Villager (Male) |
| 23:49 | Construir | Town Center |
| 24:00 | Crear | Villager (Male) |
| 24:04 | Crear | Unit 2562 |
| 24:24 | Crear | Villager (Male) |
| 24:52 | Construir | Farm |
| 24:52 | Construir | Farm |
| 24:52 | Construir | Farm |
| 25:13 | Construir | Farm |
| 25:14 | Construir | Farm |
| 25:15 | Crear | Villager (Male) |
| 25:31 | Construir | Farm |
| 25:36 | Crear | Villager (Male) |
| 25:37 | Crear | Unit 2562 |
| 25:47 | Construir | Farm |
| 25:54 | Crear | Villager (Male) |
| 25:54 | Crear | Villager (Male) |
| 25:54 | Crear | Villager (Male) |
| 26:01 | Crear | Villager (Male) |
| 26:09 | Construir | Fish Trap |
| 26:13 | Crear | Villager (Male) |
| 26:20 | Crear | Unit 2562 |
| 26:23 | Crear | Villager (Male) |
| 26:25 | Crear | Unit 2562 |
| 26:31 | Construir | Farm |
| 26:48 | Construir | Farm |
| 26:50 | Construir | Farm |
| 26:51 | Crear | Villager (Male) |
| 27:02 | Crear | Villager (Male) |
| 27:15 | Construir | Farm |
| 27:16 | Construir | Farm |
| 27:26 | Construir | Fish Trap |
| 27:29 | Crear | Villager (Male) |
| 27:29 | Crear | Villager (Male) |
| 27:33 | Construir | Farm |
| 27:40 | Crear | Villager (Male) |
| 27:49 | Crear | Villager (Male) |
| 27:49 | Crear | Villager (Male) |
Build order — GAX | Anderson Cassiano
Primeras 150 de 179 acciones detectadas
| 0:13 | Construir | Town Center |
| 1:38 | Construir | Dock |
| 2:26 | Construir | Palisade Wall |
| 2:36 | Crear | Villager (Male) |
| 2:36 | Crear | Villager (Male) |
| 2:36 | Crear | Villager (Male) |
| 2:36 | Crear | Villager (Male) |
| 3:29 | Investigar | Loom |
| 3:31 | Construir | House |
| 3:33 | Crear | Villager (Male) |
| 3:33 | Crear | Villager (Male) |
| 4:26 | Crear | Fishing Ship |
| 4:32 | Construir | House |
| 4:34 | Crear | Villager (Male) |
| 5:15 | Crear | Villager (Male) |
| 5:43 | Crear | Villager (Male) |
| 6:00 | Crear | Villager (Male) |
| 6:06 | Crear | Fishing Ship |
| 6:21 | Crear | Villager (Male) |
| 6:37 | Construir | House |
| 6:53 | Crear | Fishing Ship |
| 6:54 | Crear | Villager (Male) |
| 7:25 | Crear | Villager (Male) |
| 7:34 | Crear | Fishing Ship |
| 7:51 | Crear | Villager (Male) |
| 8:00 | Construir | House |
| 8:14 | Crear | Villager (Male) |
| 8:34 | Crear | Villager (Male) |
| 8:57 | Construir | Mining Camp |
| 9:11 | Crear | Villager (Male) |
| 9:35 | Crear | Villager (Male) |
| 10:16 | Investigar | Feudal Age |
| 10:37 | Construir | Dock |
| 11:04 | Construir | House |
| 12:01 | Construir | Dock |
| 12:05 | Construir | House |
| 12:07 | Crear | Villager (Male) |
| 12:26 | Edad | Edad Feudal |
| 12:30 | Crear | Galley |
| 12:34 | Crear | Unit 2626 |
| 13:03 | Crear | Villager (Male) |
| 13:03 | Crear | Villager (Male) |
| 13:05 | Crear | Unit 2626 ×5 |
| 13:34 | Crear | Villager (Male) |
| 13:39 | Construir | Lumber Camp |
| 13:42 | Crear | Unit 2626 |
| 13:44 | Crear | Villager (Male) |
| 14:06 | Crear | Unit 2626 |
| 14:09 | Crear | Villager (Male) |
| 14:26 | Construir | House |
| 14:27 | Crear | Unit 2626 |
| 14:29 | Crear | Villager (Male) |
| 14:51 | Construir | House |
| 14:58 | Crear | Unit 2626 |
| 15:16 | Crear | Unit 2626 |
| 15:22 | Investigar | Double-Bit Axe |
| 15:26 | Crear | Villager (Male) |
| 16:05 | Crear | Villager (Male) |
| 16:09 | Crear | Unit 2626 ×3 |
| 16:37 | Construir | House |
| 16:48 | Crear | Unit 2626 ×3 |
| 17:13 | Crear | Unit 2626 ×2 |
| 17:19 | Crear | Villager (Male) |
| 17:19 | Crear | Villager (Male) |
| 17:22 | Construir | House |
| 17:23 | Construir | House |
| 18:01 | Crear | Villager (Male) |
| 18:06 | Construir | Mill |
| 18:08 | Construir | Blacksmith |
| 18:23 | Crear | Villager (Male) |
| 18:55 | Crear | Fishing Ship ×5 |
| 19:19 | Crear | Villager (Male) |
| 19:23 | Construir | Market |
| 19:53 | Crear | Villager (Male) |
| 20:10 | Crear | Villager (Male) |
| 20:22 | Construir | Watch Tower |
| 20:24 | Construir | House |
| 20:30 | Construir | House |
| 20:44 | Crear | Villager (Male) |
| 20:47 | Construir | Palisade Wall |
| 20:56 | Construir | House |
| 20:57 | Construir | Palisade Wall |
| 21:12 | Crear | Villager (Male) |
| 21:43 | Investigar | Castle Age |
| 22:02 | Construir | House |
| 22:03 | Construir | House |
| 23:24 | Crear | Villager (Male) |
| 23:25 | Crear | Villager (Male) |
| 23:32 | Investigar | Scale Barding Armor |
| 23:53 | Construir | Lumber Camp |
| 23:58 | Crear | Fishing Ship |
| 23:59 | Crear | Fishing Ship |
| 24:08 | Crear | Fishing Ship |
| 24:09 | Crear | Fishing Ship |
| 24:09 | Investigar | Tech 906 |
| 24:23 | Edad | Edad de los Castillos |
| 24:25 | Construir | Town Center |
| 24:29 | Investigar | War Galley (upgrade) |
| 24:40 | Crear | Villager (Male) |
| 24:43 | Construir | Mining Camp |
| 24:50 | Construir | Barracks |
| 24:56 | Crear | Villager (Male) |
| 25:12 | Investigar | Bow Saw |
| 25:31 | Construir | Town Center |
| 25:40 | Crear | Villager (Male) |
| 25:40 | Crear | Villager (Male) |
| 25:40 | Investigar | Town Watch |
| 25:54 | Construir | Lumber Camp |
| 25:59 | Construir | Farm |
| 26:00 | Construir | Farm |
| 26:03 | Crear | Villager (Male) |
| 26:07 | Construir | House |
| 26:08 | Construir | House |
| 26:34 | Crear | Villager (Male) |
| 26:41 | Construir | Mining Camp |
| 26:47 | Construir | Mining Camp |
| 26:53 | Crear | Villager (Male) |
| 26:55 | Crear | Villager (Male) |
| 26:55 | Crear | Villager (Male) |
| 27:06 | Construir | Farm |
| 27:18 | Construir | Palisade Wall |
| 27:36 | Crear | Villager (Male) |
| 27:37 | Crear | Villager (Male) |
| 27:48 | Crear | Villager (Male) |
| 27:48 | Crear | Villager (Male) |
| 27:55 | Crear | Villager (Male) |
| 28:18 | Crear | Villager (Male) |
| 28:56 | Construir | Farm |
| 28:59 | Construir | Farm |
| 29:00 | Construir | Farm |
| 29:01 | Crear | Villager (Male) |
| 29:26 | Construir | Castle |
| 29:40 | Crear | Villager (Male) |
| 30:23 | Crear | Villager (Male) |
| 30:29 | Crear | Villager (Male) |
| 30:34 | Crear | Villager (Male) |
| 30:43 | Crear | Villager (Male) |
| 31:03 | Crear | Villager (Male) |
| 32:02 | Construir | Castle |
| 32:17 | Crear | Villager (Male) |
| 32:56 | Construir | House |
| 33:01 | Construir | House |
| 33:13 | Crear | Organ Gun |
| 33:13 | Crear | Organ Gun |
| 33:14 | Crear | Organ Gun |
| 33:36 | Construir | Town Center |
| 34:18 | Construir | Castle |
| 34:20 | Construir | Lumber Camp |
| 34:34 | Crear | Organ Gun |
| 34:39 | Crear | Villager (Male) |
Build order — GAX | Kareca
Primeras 150 de 434 acciones detectadas
| 0:13 | Construir | Town Center |
| 1:08 | Construir | House |
| 2:12 | Construir | Dock |
| 2:31 | Crear | Villager (Male) |
| 2:31 | Crear | Villager (Male) |
| 2:31 | Crear | Villager (Male) |
| 2:31 | Crear | Villager (Male) |
| 2:31 | Crear | Villager (Male) |
| 3:41 | Crear | Fishing Ship |
| 3:41 | Crear | Fishing Ship |
| 3:41 | Crear | Fishing Ship |
| 3:41 | Crear | Fishing Ship |
| 3:41 | Crear | Fishing Ship |
| 4:17 | Investigar | Loom |
| 4:25 | Crear | Villager (Male) |
| 4:25 | Crear | Villager (Male) |
| 4:25 | Crear | Villager (Male) |
| 4:28 | Construir | House |
| 4:59 | Crear | Villager (Male) |
| 4:59 | Crear | Villager (Male) |
| 4:59 | Crear | Villager (Male) |
| 4:59 | Crear | Villager (Male) |
| 4:59 | Crear | Villager (Male) |
| 5:15 | Crear | Villager (Male) |
| 5:15 | Crear | Villager (Male) |
| 5:15 | Crear | Villager (Male) |
| 5:36 | Crear | Fishing Ship |
| 5:36 | Crear | Fishing Ship |
| 5:52 | Crear | Villager (Male) |
| 5:52 | Crear | Villager (Male) |
| 5:52 | Crear | Villager (Male) |
| 5:52 | Crear | Villager (Male) |
| 5:52 | Crear | Villager (Male) |
| 6:09 | Construir | House |
| 6:23 | Crear | Villager (Male) |
| 6:23 | Crear | Villager (Male) |
| 6:23 | Crear | Villager (Male) |
| 6:23 | Crear | Villager (Male) |
| 6:23 | Crear | Villager (Male) |
| 6:23 | Crear | Villager (Male) |
| 6:41 | Crear | Villager (Male) |
| 6:41 | Crear | Villager (Male) |
| 6:41 | Crear | Villager (Male) |
| 6:41 | Crear | Villager (Male) |
| 6:58 | Crear | Villager (Male) |
| 6:58 | Crear | Villager (Male) |
| 6:58 | Crear | Villager (Male) |
| 6:58 | Crear | Villager (Male) |
| 6:58 | Crear | Villager (Male) |
| 6:58 | Crear | Villager (Male) |
| 7:15 | Crear | Fishing Ship |
| 7:15 | Crear | Fishing Ship |
| 7:15 | Crear | Fishing Ship |
| 7:15 | Crear | Fishing Ship |
| 7:54 | Crear | Villager (Male) |
| 8:07 | Construir | House |
| 8:15 | Crear | Fishing Ship |
| 8:15 | Crear | Fishing Ship |
| 8:15 | Crear | Fishing Ship |
| 8:15 | Crear | Fishing Ship |
| 8:17 | Crear | Villager (Male) |
| 9:03 | Crear | Villager (Male) |
| 9:07 | Construir | Mill |
| 9:39 | Crear | Villager (Male) |
| 9:47 | Construir | House |
| 9:50 | Crear | Villager (Male) |
| 10:11 | Investigar | Feudal Age |
| 10:14 | Construir | Mining Camp |
| 10:21 | Construir | House |
| 11:40 | Crear | Villager (Male) |
| 11:40 | Crear | Villager (Male) |
| 12:43 | Edad | Edad Feudal |
| 12:51 | Construir | Market |
| 12:52 | Construir | Blacksmith |
| 13:18 | Construir | Lumber Camp |
| 13:41 | Investigar | Castle Age |
| 13:57 | Investigar | Double-Bit Axe |
| 13:57 | Investigar | Double-Bit Axe |
| 14:02 | Construir | House |
| 14:46 | Crear | Villager (Male) |
| 15:51 | Investigar | Tech 906 |
| 15:51 | Investigar | Tech 906 |
| 15:54 | Crear | Fishing Ship |
| 16:20 | Crear | Villager (Male) |
| 16:21 | Edad | Edad de los Castillos |
| 16:25 | Investigar | Bow Saw |
| 16:45 | Construir | Castle |
| 16:57 | Investigar | Wheelbarrow |
| 17:13 | Construir | Mining Camp |
| 17:33 | Crear | Villager (Male) |
| 17:40 | Crear | Conquistador |
| 17:46 | Crear | Conquistador |
| 17:47 | Crear | Villager (Male) |
| 17:47 | Crear | Villager (Male) |
| 18:19 | Crear | Conquistador |
| 18:45 | Crear | Conquistador |
| 18:45 | Crear | Conquistador |
| 18:51 | Crear | Villager (Male) |
| 18:51 | Crear | Villager (Male) |
| 18:51 | Crear | Villager (Male) |
| 18:51 | Crear | Villager (Male) |
| 19:12 | Crear | Villager (Male) |
| 19:12 | Crear | Villager (Male) |
| 19:12 | Crear | Villager (Male) |
| 19:12 | Crear | Villager (Male) |
| 19:25 | Construir | Mill |
| 19:45 | Crear | Villager (Male) |
| 19:45 | Crear | Villager (Male) |
| 20:10 | Crear | Villager (Male) |
| 20:13 | Construir | Monastery |
| 20:32 | Crear | Villager (Male) |
| 20:36 | Investigar | Padded Archer Armor |
| 20:54 | Crear | Villager (Male) |
| 21:01 | Crear | Monk |
| 21:02 | Construir | House |
| 21:03 | Construir | House |
| 21:03 | Construir | House |
| 21:15 | Crear | Conquistador |
| 21:15 | Crear | Conquistador |
| 21:15 | Crear | Conquistador |
| 21:15 | Crear | Conquistador |
| 21:15 | Crear | Conquistador |
| 21:31 | Investigar | Town Watch |
| 22:10 | Crear | Villager (Male) |
| 22:12 | Crear | Conquistador |
| 22:13 | Crear | Conquistador |
| 22:18 | Crear | Villager (Male) |
| 22:24 | Construir | Town Center |
| 22:34 | Crear | Conquistador |
| 22:46 | Crear | Villager (Male) |
| 22:55 | Crear | Villager (Male) |
| 22:59 | Crear | Villager (Male) |
| 23:10 | Construir | Town Center |
| 23:18 | Crear | Conquistador |
| 23:23 | Investigar | Leather Archer Armor |
| 23:39 | Crear | Villager (Male) |
| 23:46 | Crear | Conquistador |
| 23:48 | Crear | Villager (Male) |
| 24:14 | Crear | Villager (Male) |
| 24:14 | Crear | Villager (Male) |
| 24:51 | Crear | Villager (Male) |
| 24:57 | Crear | Conquistador |
| 24:57 | Crear | Villager (Male) |
| 25:00 | Crear | Villager (Male) |
| 25:03 | Construir | Farm |
| 25:04 | Construir | Farm |
| 25:04 | Construir | Farm |
| 25:06 | Crear | Villager (Male) |
| 25:06 | Crear | Villager (Male) |
| 25:07 | Crear | Villager (Male) |
Build order — GAX | lee17-han
Primeras 150 de 239 acciones detectadas
| 0:18 | Construir | Town Center |
| 1:04 | Construir | House |
| 2:40 | Investigar | Loom |
| 2:56 | Construir | Dock |
| 3:03 | Construir | Dock |
| 3:57 | Crear | Fishing Ship |
| 3:57 | Crear | Fishing Ship |
| 4:25 | Crear | Fishing Ship |
| 5:03 | Crear | Villager (Male) |
| 5:04 | Crear | Villager (Male) |
| 5:30 | Crear | Fishing Ship |
| 5:36 | Crear | Villager (Male) |
| 5:37 | Crear | Villager (Male) |
| 5:55 | Crear | Villager (Male) |
| 6:13 | Crear | Villager (Male) |
| 6:13 | Crear | Villager (Male) |
| 6:24 | Construir | House |
| 6:36 | Crear | Villager (Male) |
| 6:45 | Crear | Villager (Male) |
| 6:46 | Crear | Villager (Male) |
| 7:08 | Crear | Villager (Male) |
| 7:19 | Crear | Villager (Male) |
| 7:20 | Crear | Fishing Ship |
| 7:21 | Crear | Fishing Ship |
| 8:12 | Crear | Villager (Male) |
| 8:14 | Construir | House |
| 8:23 | Crear | Villager (Male) |
| 8:24 | Crear | Fishing Ship |
| 8:27 | Construir | House |
| 8:35 | Crear | Villager (Male) |
| 9:31 | Crear | Fishing Ship |
| 9:32 | Crear | Villager (Male) |
| 9:42 | Crear | Villager (Male) |
| 10:07 | Crear | Villager (Male) |
| 10:41 | Construir | Mining Camp |
| 10:42 | Crear | Villager (Male) |
| 10:57 | Construir | Lumber Camp |
| 11:08 | Investigar | Feudal Age |
| 12:05 | Crear | Villager (Male) |
| 12:15 | Construir | House |
| 12:34 | Construir | Dock |
| 12:36 | Crear | Villager (Male) |
| 13:14 | Construir | House |
| 13:18 | Edad | Edad Feudal |
| 13:21 | Crear | Galley |
| 13:22 | Crear | Galley |
| 13:24 | Construir | House |
| 13:39 | Construir | Blacksmith |
| 13:41 | Crear | Villager (Male) |
| 14:12 | Crear | Villager (Male) |
| 14:19 | Crear | Galley |
| 14:20 | Crear | Galley |
| 14:27 | Investigar | Fletching |
| 14:28 | Crear | Villager (Male) |
| 14:37 | Crear | Villager (Male) |
| 15:22 | Crear | Villager (Male) |
| 15:41 | Crear | Galley |
| 15:43 | Crear | Galley |
| 16:11 | Crear | Villager (Male) |
| 16:15 | Construir | Mill |
| 16:20 | Construir | House |
| 16:22 | Construir | House |
| 16:39 | Crear | Villager (Male) |
| 16:39 | Crear | Villager (Male) |
| 16:46 | Crear | Fishing Ship |
| 16:49 | Crear | Fishing Ship |
| 16:56 | Crear | Villager (Male) |
| 17:13 | Crear | Villager (Male) |
| 17:36 | Crear | Fishing Ship |
| 17:41 | Crear | Villager (Male) |
| 17:42 | Crear | Villager (Male) |
| 17:57 | Crear | Villager (Male) |
| 17:58 | Crear | Villager (Male) |
| 18:04 | Construir | Dock |
| 18:39 | Construir | Lumber Camp |
| 19:22 | Construir | Market |
| 19:55 | Crear | Villager (Male) |
| 20:11 | Investigar | Castle Age |
| 20:34 | Construir | Mining Camp |
| 20:38 | Crear | Galley |
| 20:42 | Construir | House |
| 20:55 | Crear | Villager (Male) |
| 20:56 | Crear | Villager (Male) |
| 20:58 | Investigar | Double-Bit Axe |
| 21:54 | Crear | Fishing Ship |
| 22:00 | Construir | House |
| 22:00 | Construir | House |
| 22:00 | Construir | House |
| 22:11 | Crear | Galley |
| 22:36 | Investigar | Town Watch |
| 22:43 | Construir | Dock |
| 22:51 | Edad | Edad de los Castillos |
| 23:00 | Construir | Siege Workshop |
| 23:05 | Construir | House |
| 23:17 | Construir | Town Center |
| 23:23 | Crear | Iron Pagoda |
| 23:52 | Construir | House |
| 24:08 | Crear | Villager (Male) |
| 24:14 | Crear | Villager (Male) |
| 24:20 | Crear | Galley |
| 24:32 | Investigar | Bodkin Arrow |
| 24:41 | Investigar | War Galley (upgrade) |
| 25:03 | Crear | Villager (Male) |
| 25:07 | Crear | Villager (Male) |
| 25:08 | Crear | Villager (Male) |
| 25:19 | Crear | Galley |
| 25:24 | Construir | Monastery |
| 26:13 | Crear | Villager (Male) |
| 26:14 | Crear | Villager (Male) |
| 26:20 | Construir | University |
| 26:28 | Crear | Galley |
| 26:28 | Crear | Galley |
| 26:28 | Crear | Galley |
| 26:39 | Crear | Villager (Male) |
| 26:40 | Crear | Villager (Male) |
| 26:41 | Crear | Villager (Male) |
| 26:48 | Crear | Galley |
| 27:03 | Crear | Fishing Ship |
| 27:16 | Crear | Villager (Male) |
| 27:17 | Crear | Villager (Male) |
| 27:27 | Crear | Villager (Male) |
| 27:35 | Crear | Villager (Male) |
| 28:06 | Construir | Town Center |
| 28:21 | Investigar | Imperial Age |
| 28:25 | Crear | Fishing Ship |
| 29:04 | Crear | Villager (Male) |
| 29:05 | Crear | Villager (Male) |
| 29:05 | Crear | Villager (Male) |
| 29:16 | Construir | Dock |
| 29:17 | Crear | Fishing Ship |
| 29:18 | Crear | Fishing Ship |
| 29:19 | Crear | Fishing Ship |
| 29:27 | Crear | Villager (Male) |
| 29:28 | Crear | Villager (Male) |
| 29:31 | Crear | Villager (Male) |
| 30:05 | Crear | Villager (Male) |
| 30:10 | Investigar | Ballistics |
| 30:26 | Crear | Villager (Male) |
| 30:26 | Crear | Villager (Male) |
| 30:40 | Construir | Dock |
| 30:44 | Crear | Villager (Male) |
| 30:58 | Investigar | Horse Collar |
| 31:03 | Investigar | Wheelbarrow |
| 31:08 | Crear | Iron Pagoda |
| 31:21 | Crear | Villager (Male) |
| 31:25 | Crear | Fishing Ship |
| 31:28 | Crear | Fishing Ship |
| 31:31 | Edad | Edad Imperial |
| 31:52 | Construir | Watch Tower |
| 32:36 | Construir | Castle |
Build order — GAX | Nuno
Primeras 150 de 250 acciones detectadas
| 0:33 | Construir | Town Center |
| 0:47 | Construir | Town Center |
| 1:02 | Construir | Dock |
| 2:11 | Construir | Palisade Wall |
| 2:13 | Construir | Palisade Wall |
| 2:20 | Construir | House |
| 2:36 | Construir | House |
| 2:47 | Construir | Palisade Wall |
| 3:37 | Crear | Villager (Male) |
| 3:43 | Construir | House |
| 3:44 | Crear | Villager (Male) |
| 3:54 | Crear | Villager (Male) |
| 3:54 | Crear | Villager (Male) |
| 4:03 | Crear | Villager (Male) |
| 4:56 | Crear | Fishing Ship |
| 5:31 | Construir | House |
| 5:36 | Investigar | Loom |
| 5:50 | Crear | Fishing Ship |
| 6:14 | Crear | Villager (Male) |
| 6:54 | Crear | Fishing Ship |
| 7:00 | Crear | Villager (Male) |
| 7:04 | Construir | House |
| 7:23 | Crear | Fishing Ship |
| 7:39 | Crear | Villager (Male) |
| 7:59 | Construir | Lumber Camp |
| 8:11 | Crear | Villager (Male) |
| 8:36 | Crear | Villager (Male) |
| 8:42 | Construir | House |
| 8:49 | Crear | Fishing Ship |
| 9:11 | Crear | Villager (Male) |
| 9:22 | Crear | Fishing Ship |
| 9:42 | Crear | Villager (Male) |
| 9:53 | Crear | Villager (Male) |
| 9:55 | Crear | Fishing Ship |
| 9:56 | Crear | Villager (Male) |
| 10:11 | Crear | Villager (Male) |
| 10:23 | Crear | Fishing Ship |
| 10:29 | Construir | House |
| 10:32 | Crear | Villager (Male) |
| 11:10 | Crear | Villager (Male) |
| 11:33 | Crear | Villager (Male) |
| 11:37 | Construir | House |
| 11:41 | Crear | Fishing Ship |
| 12:23 | Investigar | Feudal Age |
| 12:30 | Construir | Mill |
| 13:14 | Construir | House |
| 14:33 | Edad | Edad Feudal |
| 14:35 | Crear | Villager (Male) |
| 14:35 | Crear | Villager (Male) |
| 14:39 | Construir | Market |
| 14:44 | Construir | Blacksmith |
| 15:38 | Crear | Villager (Male) |
| 15:40 | Crear | Villager (Male) |
| 15:42 | Investigar | Double-Bit Axe |
| 15:53 | Construir | House |
| 15:55 | Construir | House |
| 16:06 | Investigar | Castle Age |
| 17:21 | Construir | House |
| 17:44 | Crear | Villager (Male) |
| 17:54 | Construir | Outpost |
| 18:48 | Edad | Edad de los Castillos |
| 18:51 | Construir | Castle |
| 18:55 | Construir | Palisade Wall |
| 19:12 | Construir | Palisade Wall |
| 19:25 | Construir | Palisade Wall |
| 19:26 | Construir | Palisade Wall |
| 19:31 | Construir | Palisade Wall |
| 19:32 | Construir | Palisade Wall |
| 19:38 | Construir | Palisade Wall |
| 19:39 | Construir | Palisade Wall |
| 19:41 | Construir | Palisade Wall |
| 19:44 | Construir | Palisade Wall |
| 20:12 | Crear | Huskarl ×2 |
| 20:23 | Construir | Town Center |
| 20:37 | Crear | Villager (Male) |
| 20:55 | Crear | Huskarl ×5 |
| 21:41 | Investigar | Scale Mail Armor |
| 21:43 | Crear | Villager (Male) |
| 21:43 | Crear | Villager (Male) |
| 21:48 | Construir | Town Center |
| 22:12 | Construir | Barracks |
| 22:13 | Crear | Villager (Male) |
| 22:13 | Crear | Villager (Male) |
| 22:25 | Crear | Villager (Male) |
| 22:34 | Crear | Huskarl ×2 |
| 23:01 | Crear | Villager (Male) |
| 23:03 | Crear | Villager (Male) |
| 23:23 | Crear | Huskarl |
| 23:53 | Construir | Farm |
| 24:37 | Crear | Huskarl ×3 |
| 24:39 | Construir | Farm |
| 24:40 | Construir | Farm |
| 25:00 | Investigar | Chain Mail Armor |
| 25:03 | Crear | Huskarl |
| 25:10 | Construir | Mill |
| 25:14 | Crear | Villager (Male) |
| 25:14 | Crear | Villager (Male) |
| 25:29 | Crear | Huskarl |
| 25:48 | Construir | Mill |
| 25:53 | Crear | Huskarl |
| 26:06 | Investigar | Squires |
| 26:23 | Crear | Huskarl ×3 |
| 27:00 | Crear | Huskarl ×2 |
| 27:44 | Crear | Villager (Male) |
| 27:45 | Crear | Villager (Male) |
| 27:45 | Crear | Villager (Male) |
| 27:46 | Crear | Villager (Male) |
| 27:53 | Construir | Farm |
| 27:53 | Construir | Farm |
| 27:56 | Investigar | Horse Collar |
| 28:11 | Crear | Villager (Male) |
| 28:12 | Crear | Villager (Male) |
| 28:12 | Crear | Villager (Male) |
| 28:14 | Construir | Farm |
| 28:16 | Construir | Farm |
| 28:23 | Crear | Huskarl ×2 |
| 28:46 | Crear | Huskarl |
| 29:00 | Crear | Huskarl ×2 |
| 29:18 | Crear | Huskarl ×2 |
| 29:41 | Crear | Huskarl ×3 |
| 30:03 | Crear | Huskarl ×3 |
| 30:04 | Crear | Villager (Male) |
| 30:06 | Construir | House |
| 30:45 | Crear | Villager (Male) |
| 30:45 | Crear | Villager (Male) |
| 30:47 | Construir | Farm |
| 30:49 | Construir | Farm |
| 30:50 | Construir | Farm |
| 31:01 | Construir | Siege Workshop |
| 31:05 | Crear | Villager (Male) |
| 31:06 | Crear | Villager (Male) |
| 31:08 | Construir | Farm |
| 31:09 | Construir | Farm |
| 31:10 | Construir | Farm |
| 31:12 | Investigar | Bow Saw |
| 31:13 | Crear | Villager (Male) |
| 31:16 | Construir | House |
| 31:23 | Crear | Huskarl |
| 31:49 | Construir | Farm |
| 31:50 | Construir | Farm |
| 32:10 | Crear | Battering Ram |
| 32:19 | Investigar | Town Watch |
| 32:20 | Investigar | Wheelbarrow |
| 32:24 | Construir | House |
| 33:11 | Crear | Villager (Male) |
| 33:11 | Crear | Villager (Male) |
| 33:14 | Construir | House |
| 33:31 | Crear | Huskarl ×5 |
| 33:32 | Crear | Villager (Male) |
| 33:33 | Crear | Villager (Male) |
Build order — GAX | Urubu
Primeras 150 de 351 acciones detectadas
| 0:28 | Construir | Town Center |
| 1:00 | Construir | Dock |
| 1:03 | Construir | House |
| 2:44 | Crear | Villager (Male) |
| 2:44 | Crear | Villager (Male) |
| 3:16 | Crear | Villager (Male) |
| 3:17 | Crear | Villager (Male) |
| 3:59 | Crear | Fishing Ship |
| 4:20 | Crear | Villager (Male) |
| 4:48 | Construir | House |
| 4:50 | Crear | Villager (Male) |
| 5:04 | Crear | Villager (Male) |
| 5:19 | Construir | House |
| 5:36 | Crear | Villager (Male) |
| 5:54 | Construir | Palisade Wall |
| 5:57 | Crear | Villager (Male) |
| 6:08 | Crear | Fishing Ship |
| 6:09 | Crear | Villager (Male) |
| 6:33 | Construir | House |
| 6:38 | Construir | Palisade Wall |
| 6:40 | Crear | Villager (Male) |
| 6:56 | Crear | Villager (Male) |
| 7:38 | Crear | Fishing Ship |
| 7:40 | Crear | Villager (Male) |
| 8:12 | Crear | Villager (Male) |
| 8:21 | Construir | Mill |
| 8:33 | Crear | Villager (Male) |
| 9:02 | Construir | House |
| 9:05 | Construir | Palisade Wall |
| 9:07 | Crear | Villager (Male) |
| 9:28 | Crear | Villager (Male) |
| 9:51 | Investigar | Loom |
| 10:03 | Crear | Villager (Male) |
| 10:32 | Investigar | Feudal Age |
| 11:31 | Crear | Villager (Male) |
| 11:44 | Crear | Villager (Male) |
| 12:52 | Edad | Edad Feudal |
| 12:54 | Construir | Market |
| 13:01 | Construir | Blacksmith |
| 13:03 | Construir | House |
| 13:22 | Construir | Mining Camp |
| 13:46 | Construir | House |
| 13:47 | Investigar | Castle Age |
| 13:47 | Investigar | Castle Age |
| 13:58 | Construir | Palisade Gate |
| 14:29 | Construir | Palisade Wall |
| 14:37 | Construir | Palisade Gate |
| 15:17 | Construir | Lumber Camp |
| 15:35 | Crear | Villager (Male) |
| 16:02 | Investigar | Double-Bit Axe |
| 16:02 | Investigar | Double-Bit Axe |
| 16:27 | Edad | Edad de los Castillos |
| 16:50 | Construir | Castle |
| 17:00 | Construir | Castle |
| 17:06 | Crear | Villager (Male) |
| 17:32 | Crear | Villager (Male) |
| 17:36 | Construir | Farm |
| 17:38 | Investigar | Horse Collar |
| 17:41 | Construir | Farm |
| 17:42 | Crear | Villager (Male) |
| 17:58 | Construir | Farm |
| 18:00 | Construir | Farm |
| 18:15 | Construir | Farm |
| 18:24 | Crear | Villager (Male) |
| 18:28 | Construir | Farm |
| 18:46 | Construir | Farm |
| 18:48 | Crear | Hussite Wagon |
| 19:04 | Construir | Palisade Gate |
| 19:06 | Construir | House |
| 19:15 | Crear | Villager (Male) |
| 19:19 | Construir | Palisade Wall |
| 19:30 | Crear | Villager (Male) |
| 19:36 | Construir | Farm |
| 19:52 | Crear | Hussite Wagon |
| 20:10 | Crear | Villager (Male) |
| 20:14 | Construir | Farm |
| 20:16 | Crear | Villager (Male) |
| 20:38 | Construir | Farm |
| 20:42 | Crear | Villager (Male) |
| 20:58 | Crear | Hussite Wagon |
| 21:30 | Crear | Villager (Male) |
| 21:32 | Crear | Fishing Ship |
| 21:35 | Crear | Hussite Wagon |
| 21:56 | Crear | Villager (Male) |
| 21:57 | Crear | Villager (Male) |
| 22:13 | Crear | Hussite Wagon |
| 22:19 | Crear | Villager (Male) |
| 22:21 | Crear | Villager (Male) |
| 22:22 | Construir | Farm |
| 22:22 | Crear | Villager (Male) |
| 22:38 | Crear | Hussite Wagon |
| 22:46 | Crear | Villager (Male) |
| 23:03 | Crear | Villager (Male) |
| 23:42 | Crear | Hussite Wagon |
| 23:44 | Crear | Villager (Male) |
| 23:52 | Construir | Town Center |
| 24:19 | Construir | Barracks |
| 24:19 | Crear | Villager (Male) |
| 24:56 | Investigar | Wheelbarrow |
| 24:57 | Crear | Villager (Male) |
| 25:04 | Crear | Villager (Male) |
| 25:16 | Construir | Archery Range |
| 25:16 | Crear | Villager (Male) |
| 25:36 | Construir | Monastery |
| 25:41 | Crear | Villager (Male) |
| 25:45 | Crear | Villager (Male) |
| 26:19 | Investigar | Elite Skirmisher (upgrade) |
| 26:20 | Crear | Skirmisher |
| 26:20 | Crear | Skirmisher |
| 26:20 | Crear | Skirmisher |
| 26:31 | Crear | Hussite Wagon |
| 26:31 | Crear | Hussite Wagon |
| 26:37 | Crear | Monk |
| 26:38 | Investigar | Sanctity |
| 26:40 | Investigar | Fervor |
| 26:41 | Crear | Villager (Male) |
| 26:43 | Crear | Villager (Male) |
| 26:55 | Construir | Town Center |
| 27:08 | Crear | Hussite Wagon |
| 27:30 | Crear | Villager (Male) |
| 27:31 | Crear | Villager (Male) |
| 27:32 | Crear | Villager (Male) |
| 27:36 | Construir | Farm |
| 27:36 | Construir | Farm |
| 27:37 | Construir | Farm |
| 27:37 | Construir | Farm |
| 27:53 | Crear | Villager (Male) |
| 27:58 | Crear | Villager (Male) |
| 28:04 | Construir | Palisade Gate |
| 28:07 | Crear | Villager (Male) |
| 28:09 | Crear | Villager (Male) |
| 28:18 | Construir | Monastery |
| 28:20 | Crear | Villager (Male) |
| 28:27 | Crear | Villager (Male) |
| 28:30 | Crear | Monk |
| 28:30 | Crear | Monk |
| 28:35 | Crear | Villager (Male) |
| 28:41 | Crear | Villager (Male) |
| 28:42 | Crear | Villager (Male) |
| 28:44 | Construir | Farm |
| 28:44 | Construir | Farm |
| 28:45 | Construir | Farm |
| 28:45 | Crear | Villager (Male) |
| 28:52 | Crear | Hussite Wagon |
| 28:53 | Crear | Hussite Wagon |
| 29:09 | Crear | Villager (Male) |
| 29:12 | Crear | Villager (Male) |
| 29:14 | Crear | Villager (Male) |
| 29:23 | Construir | House |
| 29:24 | Construir | House |
Build order — GAX | Mr.P
134 acciones detectadas en el replay
| 0:21 | Construir | Town Center |
| 2:34 | Crear | Villager (Male) |
| 2:35 | Crear | Villager (Male) |
| 2:35 | Crear | Villager (Male) |
| 2:35 | Crear | Villager (Male) |
| 4:09 | Investigar | Loom |
| 4:33 | Crear | Villager (Male) |
| 4:55 | Crear | Villager (Male) |
| 5:19 | Construir | Dock |
| 5:23 | Crear | Villager (Male) |
| 5:49 | Crear | Villager (Male) |
| 6:19 | Crear | Villager (Male) |
| 6:26 | Crear | Fishing Ship |
| 6:50 | Crear | Villager (Male) |
| 7:06 | Crear | Villager (Male) |
| 7:17 | Crear | Fishing Ship |
| 7:29 | Crear | Villager (Male) |
| 7:56 | Crear | Villager (Male) |
| 8:06 | Crear | Villager (Male) |
| 8:22 | Crear | Fishing Ship |
| 8:46 | Crear | Villager (Male) |
| 8:48 | Crear | Fishing Ship |
| 8:58 | Crear | Villager (Male) |
| 9:08 | Crear | Fishing Ship |
| 9:18 | Crear | Villager (Male) |
| 9:56 | Crear | Fishing Ship |
| 10:07 | Construir | Lumber Camp |
| 10:07 | Crear | Villager (Male) |
| 10:31 | Crear | Villager (Male) |
| 10:53 | Crear | Villager (Male) |
| 11:32 | Investigar | Feudal Age |
| 11:46 | Construir | Mill |
| 11:55 | Construir | Mining Camp |
| 13:27 | Crear | Villager (Male) |
| 13:42 | Edad | Edad Feudal |
| 13:44 | Construir | Market |
| 13:45 | Construir | Blacksmith |
| 13:51 | Investigar | Town Watch |
| 13:58 | Crear | Villager (Male) |
| 14:30 | Construir | Lumber Camp |
| 14:31 | Crear | Villager (Male) |
| 15:08 | Investigar | Castle Age |
| 15:52 | Crear | Villager (Male) |
| 15:55 | Construir | Mining Camp |
| 17:48 | Edad | Edad de los Castillos |
| 17:52 | Construir | Castle |
| 18:04 | Crear | Villager (Male) |
| 18:39 | Crear | Tarkan |
| 18:47 | Construir | Lumber Camp |
| 18:51 | Crear | Villager (Male) |
| 19:10 | Crear | Villager (Male) |
| 19:45 | Construir | Lumber Camp |
| 19:52 | Crear | Villager (Male) |
| 20:01 | Crear | Villager (Male) |
| 20:51 | Construir | Town Center |
| 21:46 | Construir | Farm |
| 21:47 | Construir | Farm |
| 22:01 | Construir | Farm |
| 22:02 | Construir | Farm |
| 22:13 | Crear | Villager (Male) |
| 22:20 | Construir | Dock |
| 22:33 | Construir | Farm |
| 22:34 | Crear | Villager (Male) |
| 22:39 | Construir | Farm |
| 23:29 | Crear | Villager (Male) |
| 23:36 | Construir | Town Center |
| 23:37 | Crear | Villager (Male) |
| 23:41 | Crear | Tarkan |
| 24:10 | Crear | Tarkan |
| 24:19 | Crear | Villager (Male) |
| 24:30 | Crear | Villager (Male) |
| 24:42 | Crear | Villager (Male) |
| 24:48 | Crear | Villager (Male) |
| 24:57 | Crear | Villager (Male) |
| 25:13 | Crear | Villager (Male) |
| 25:24 | Crear | Tarkan |
| 25:25 | Crear | Villager (Male) |
| 25:39 | Construir | Farm |
| 25:40 | Investigar | Double-Bit Axe |
| 25:54 | Crear | Tarkan |
| 25:55 | Crear | Villager (Male) |
| 26:15 | Construir | Farm |
| 26:17 | Construir | Farm |
| 26:20 | Construir | Farm |
| 26:22 | Crear | Villager (Male) |
| 26:33 | Construir | Farm |
| 26:34 | Crear | Villager (Male) |
| 26:41 | Crear | Villager (Male) |
| 26:51 | Crear | Villager (Male) |
| 27:09 | Crear | Villager (Male) |
| 27:30 | Crear | Villager (Male) |
| 28:29 | Construir | Lumber Camp |
| 28:56 | Crear | Villager (Male) |
| 29:43 | Construir | Town Center |
| 30:16 | Crear | Villager (Male) |
| 30:31 | Crear | Villager (Male) |
| 30:35 | Crear | Villager (Male) |
| 30:41 | Crear | Villager (Male) |
| 31:10 | Crear | Villager (Male) |
| 31:24 | Crear | Villager (Male) |
| 32:36 | Construir | Lumber Camp |
| 33:39 | Crear | Villager (Male) |
| 33:55 | Crear | Villager (Male) |
| 34:23 | Construir | Town Center |
| 34:24 | Crear | Villager (Male) |
| 35:13 | Crear | Transport Ship |
| 39:29 | Construir | Town Center |
| 40:36 | Crear | Villager (Male) |
| 40:36 | Crear | Villager (Male) |
| 40:36 | Crear | Villager (Male) |
| 40:46 | Crear | Villager (Male) |
| 40:49 | Crear | Villager (Male) |
| 41:07 | Construir | Dock |
| 41:10 | Crear | Villager (Male) |
| 41:39 | Crear | Villager (Male) |
| 41:46 | Crear | Fishing Ship |
| 42:18 | Crear | Villager (Male) |
| 42:20 | Crear | Villager (Male) |
| 42:31 | Crear | Fishing Ship |
| 42:33 | Crear | Villager (Male) |
| 42:40 | Construir | Dock |
| 43:05 | Crear | Villager (Male) |
| 43:38 | Crear | Villager (Male) |
| 44:50 | Crear | Villager (Male) |
| 44:50 | Crear | Villager (Male) |
| 45:00 | Crear | Villager (Male) |
| 45:15 | Construir | Town Center |
| 45:20 | Construir | Farm |
| 45:21 | Crear | Villager (Male) |
| 45:22 | Construir | Farm |
| 45:37 | Crear | Villager (Male) |
| 45:40 | Crear | Villager (Male) |
| 45:43 | Crear | Villager (Male) |
| 45:48 | Construir | Fish Trap |
Build order — GAX | SãoPauloFC
Primeras 150 de 329 acciones detectadas
| 0:14 | Construir | Town Center |
| 1:37 | Construir | Palisade Wall |
| 1:39 | Construir | Palisade Wall |
| 2:41 | Crear | Villager (Male) |
| 2:41 | Crear | Villager (Male) |
| 2:41 | Crear | Villager (Male) |
| 2:44 | Construir | Dock |
| 2:57 | Crear | Villager (Male) |
| 3:05 | Construir | House |
| 3:29 | Construir | Palisade Wall |
| 3:30 | Construir | Palisade Wall |
| 3:32 | Construir | Palisade Wall |
| 4:06 | Crear | Fishing Ship |
| 4:45 | Investigar | Loom |
| 4:55 | Construir | House |
| 5:20 | Crear | Villager (Male) |
| 5:44 | Crear | Villager (Male) |
| 5:51 | Crear | Fishing Ship |
| 6:00 | Crear | Villager (Male) |
| 6:34 | Crear | Villager (Male) |
| 6:42 | Construir | House |
| 6:58 | Crear | Fishing Ship |
| 7:09 | Crear | Villager (Male) |
| 7:27 | Crear | Villager (Male) |
| 7:28 | Crear | Villager (Male) |
| 7:53 | Crear | Fishing Ship |
| 8:13 | Crear | Villager (Male) |
| 8:29 | Construir | House |
| 8:39 | Crear | Fishing Ship |
| 8:44 | Crear | Villager (Male) |
| 9:13 | Crear | Villager (Male) |
| 9:15 | Construir | House |
| 9:28 | Crear | Fishing Ship |
| 9:48 | Construir | Palisade Wall |
| 9:50 | Construir | Palisade Wall |
| 9:52 | Construir | Palisade Wall |
| 10:32 | Crear | Villager (Male) |
| 10:35 | Construir | Lumber Camp |
| 10:49 | Construir | Dock |
| 11:02 | Investigar | Feudal Age |
| 11:03 | Investigar | Feudal Age |
| 11:34 | Construir | Mining Camp |
| 11:41 | Construir | House |
| 12:21 | Construir | Outpost |
| 12:25 | Construir | House |
| 12:38 | Construir | Palisade Wall |
| 12:38 | Crear | Villager (Male) |
| 12:49 | Construir | Palisade Wall |
| 13:12 | Edad | Edad Feudal |
| 13:20 | Crear | Unit 2626 |
| 13:20 | Crear | Unit 2626 |
| 13:33 | Construir | House |
| 13:33 | Crear | Villager (Male) |
| 13:43 | Crear | Unit 2626 |
| 13:44 | Crear | Villager (Male) |
| 13:49 | Construir | Mining Camp |
| 14:05 | Construir | Outpost |
| 14:08 | Investigar | Double-Bit Axe |
| 14:10 | Crear | Villager (Male) |
| 14:14 | Crear | Villager (Male) |
| 14:31 | Construir | House |
| 14:31 | Crear | Villager (Male) |
| 14:37 | Construir | Watch Tower |
| 14:45 | Crear | Unit 2626 |
| 14:45 | Crear | Unit 2626 |
| 14:59 | Crear | Villager (Male) |
| 15:10 | Crear | Unit 2626 |
| 15:32 | Crear | Unit 2626 |
| 15:38 | Crear | Villager (Male) |
| 15:50 | Crear | Villager (Male) |
| 16:07 | Crear | Unit 2626 |
| 16:07 | Crear | Unit 2626 |
| 16:16 | Construir | Mill |
| 16:16 | Crear | Villager (Male) |
| 16:21 | Crear | Villager (Male) |
| 16:32 | Crear | Unit 2626 |
| 16:44 | Crear | Villager (Male) |
| 16:47 | Construir | House |
| 17:03 | Crear | Unit 2626 |
| 17:16 | Crear | Villager (Male) |
| 17:38 | Construir | Lumber Camp |
| 18:19 | Crear | Villager (Male) |
| 18:21 | Investigar | Horse Collar |
| 18:22 | Crear | Villager (Male) |
| 18:31 | Crear | Villager (Male) |
| 18:53 | Construir | Farm |
| 18:54 | Construir | Farm |
| 18:59 | Crear | Villager (Male) |
| 19:04 | Construir | House |
| 19:06 | Crear | Villager (Male) |
| 19:16 | Construir | Farm |
| 19:56 | Crear | Fishing Ship |
| 19:57 | Crear | Villager (Male) |
| 20:02 | Construir | Dock |
| 20:03 | Crear | Villager (Male) |
| 20:26 | Construir | Lumber Camp |
| 20:33 | Crear | Villager (Male) |
| 20:56 | Investigar | Gold Mining |
| 21:38 | Construir | Town Center |
| 21:52 | Construir | Lumber Camp |
| 22:09 | Crear | Fishing Ship |
| 22:09 | Crear | Fishing Ship |
| 22:26 | Construir | House |
| 23:33 | Crear | Villager (Male) |
| 23:33 | Crear | Villager (Male) |
| 23:36 | Crear | Villager (Male) |
| 23:49 | Construir | House |
| 23:59 | Crear | Fishing Ship |
| 24:01 | Crear | Villager (Male) |
| 24:11 | Construir | House |
| 24:23 | Crear | Villager (Male) |
| 24:32 | Construir | Market |
| 24:38 | Construir | Blacksmith |
| 24:39 | Crear | Villager (Male) |
| 24:59 | Crear | Villager (Male) |
| 25:42 | Investigar | Castle Age |
| 25:51 | Investigar | Tech 906 |
| 26:02 | Crear | Fishing Ship |
| 26:02 | Crear | Fishing Ship |
| 26:02 | Crear | Fishing Ship |
| 26:10 | Construir | House |
| 26:10 | Construir | House |
| 26:19 | Investigar | Stone Mining |
| 26:36 | Construir | House |
| 26:37 | Construir | House |
| 27:02 | Crear | Fishing Ship |
| 27:02 | Crear | Fishing Ship |
| 27:16 | Construir | House |
| 27:16 | Construir | House |
| 27:22 | Construir | Mining Camp |
| 27:31 | Construir | House |
| 27:31 | Construir | House |
| 28:14 | Construir | House |
| 28:15 | Investigar | Scale Barding Armor |
| 28:22 | Edad | Edad de los Castillos |
| 28:26 | Investigar | Wheelbarrow |
| 28:29 | Crear | Villager (Male) |
| 28:32 | Construir | Castle |
| 28:36 | Investigar | Forging |
| 28:36 | Investigar | Forging |
| 28:42 | Investigar | Gillnets |
| 28:50 | Crear | Villager (Male) |
| 28:55 | Construir | Town Center |
| 29:04 | Crear | Villager (Male) |
| 29:08 | Construir | Mill |
| 29:10 | Crear | Villager (Male) |
| 29:30 | Construir | House |
| 29:31 | Construir | House |
| 29:41 | Crear | Fishing Ship |
| 29:41 | Crear | Fishing Ship |
Cronología de la partida
| 0:30 | GAX | toasty · first_building Dock |
| 1:00 | GAX | Urubu · first_building Dock |
| 1:02 | GAX | Nuno · first_building Dock |
| 1:37 | GAX | SãoPauloFC · wall_segment Palisade Wall x1 |
| 1:38 | GAX | Anderson Cassiano · first_building Dock |
| 1:39 | GAX | SãoPauloFC · wall_segment Palisade Wall x1 |
| 2:11 | GAX | Nuno · wall_segment Palisade Wall x1 |
| 2:12 | GAX | Kareca · first_building Dock |
| 2:13 | GAX | Nuno · wall_segment Palisade Wall x1 |
| 2:26 | GAX | Anderson Cassiano · wall_segment Palisade Wall x1 |
| 2:44 | GAX | SãoPauloFC · first_building Dock |
| 2:47 | GAX | Nuno · wall_segment Palisade Wall x1 |
| 2:56 | GAX | lee17-han · first_building Dock |
| 3:29 | GAX | SãoPauloFC · wall_segment Palisade Wall x1 |
| 3:30 | GAX | SãoPauloFC · wall_segment Palisade Wall x1 |
| 3:32 | GAX | SãoPauloFC · wall_segment Palisade Wall x1 |
| 5:19 | GAX | Mr.P · first_building Dock |
| 5:54 | GAX | Urubu · wall_segment Palisade Wall x3 |
| 6:38 | GAX | Urubu · wall_segment Palisade Wall x9 |
| 9:05 | GAX | Urubu · wall_segment Palisade Wall x5 |
| 9:48 | GAX | SãoPauloFC · wall_segment Palisade Wall x1 |
| 9:50 | GAX | SãoPauloFC · wall_segment Palisade Wall x1 |
| 9:52 | GAX | SãoPauloFC · wall_segment Palisade Wall x1 |
| 12:26 | GAX | Anderson Cassiano · age_up feudal |
| 12:38 | GAX | SãoPauloFC · wall_segment Palisade Wall x1 |
| 12:43 | GAX | Kareca · age_up feudal |
| 12:49 | GAX | SãoPauloFC · wall_segment Palisade Wall x2 |
| 12:52 | GAX | Urubu · age_up feudal |
| 13:12 | GAX | SãoPauloFC · age_up feudal |
| 13:16 | GAX | toasty · age_up feudal |
| 13:18 | GAX | lee17-han · age_up feudal |
| 13:27 | GAX | toasty · wall_segment Palisade Wall x1 |
| 13:28 | GAX | toasty · wall_segment Palisade Wall x1 |
| 13:28 | GAX | toasty · wall_segment Palisade Wall x1 |
| 13:29 | GAX | toasty · wall_segment Palisade Wall x2 |
| 13:29 | GAX | toasty · wall_segment Palisade Wall x1 |
| 13:29 | GAX | toasty · wall_segment Palisade Wall x1 |
| 13:29 | GAX | toasty · wall_segment Palisade Wall x1 |
| 13:32 | GAX | Kareca · first_market_sell 100 stone |
| 13:42 | GAX | Mr.P · age_up feudal |
| 14:29 | GAX | Urubu · wall_segment Palisade Wall x8 |
| 14:33 | GAX | Nuno · age_up feudal |
| 15:29 | GAX | toasty · wall_segment Palisade Wall x1 |
| 15:29 | GAX | toasty · wall_segment Palisade Wall x1 |
| 15:30 | GAX | toasty · wall_segment Palisade Wall x1 |
| 16:06 | GAX | Nuno · first_market_sell 100 food |
| 16:21 | GAX | Kareca · age_up castle |
| 16:27 | GAX | Urubu · age_up castle |
| 16:45 | GAX | Kareca · first_building Castle |
| 16:50 | GAX | Urubu · first_building Castle |
| 17:43 | GAX | Mr.P · first_market_sell 100 wood |
| 17:46 | GAX | Mr.P · first_market_buy 100 stone |
| 17:48 | GAX | Mr.P · age_up castle |
| 17:49 | GAX | toasty · first_market_buy 100 food |
| 17:52 | GAX | Mr.P · first_building Castle |
| 18:29 | GAX | toasty · wall_segment Palisade Wall x1 |
| 18:29 | GAX | toasty · wall_segment Palisade Wall x1 |
| 18:30 | GAX | toasty · wall_segment Palisade Wall x1 |
| 18:30 | GAX | toasty · wall_segment Palisade Wall x1 |
| 18:30 | GAX | toasty · wall_segment Palisade Wall x1 |
| 18:31 | GAX | toasty · wall_segment Palisade Wall x1 |
| 18:31 | GAX | toasty · wall_segment Palisade Wall x1 |
| 18:38 | GAX | toasty · first_market_sell 100 wood |
| 18:48 | GAX | Nuno · age_up castle |
| 18:51 | GAX | Nuno · first_building Castle |
| 18:55 | GAX | Nuno · wall_segment Palisade Wall x15 |
| 19:12 | GAX | Nuno · wall_segment Palisade Wall x1 |
| 19:19 | GAX | Urubu · wall_segment Palisade Wall x1 |
| 19:25 | GAX | Nuno · wall_segment Palisade Wall x1 |
| 19:26 | GAX | Nuno · wall_segment Palisade Wall x1 |
| 19:31 | GAX | Nuno · wall_segment Palisade Wall x1 |
| 19:32 | GAX | Nuno · wall_segment Palisade Wall x1 |
| 19:38 | GAX | Nuno · wall_segment Palisade Wall x1 |
| 19:39 | GAX | Nuno · wall_segment Palisade Wall x1 |
| 19:41 | GAX | Nuno · wall_segment Palisade Wall x1 |
| 19:44 | GAX | Nuno · wall_segment Palisade Wall x1 |
| 20:13 | GAX | Kareca · first_building Monastery |
| 20:40 | GAX | Anderson Cassiano · first_market_buy 100 food |
| 20:47 | GAX | Anderson Cassiano · wall_segment Palisade Wall x1 |
| 20:57 | GAX | Anderson Cassiano · wall_segment Palisade Wall x1 |
| 21:07 | GAX | Anderson Cassiano · first_market_sell 500 wood |
| 22:03 | GAX | toasty · age_up castle |
| 22:12 | GAX | Nuno · first_building Barracks |
| 22:34 | GAX | toasty · first_building Castle |
| 22:51 | GAX | lee17-han · age_up castle |
| 23:00 | GAX | lee17-han · first_building Siege Workshop |
| 23:21 | GAX | Kareca · first_market_buy 100 food |
| 23:22 | GAX | lee17-han · first_market_buy 100 food |
| 24:19 | GAX | Urubu · first_building Barracks |
| 24:23 | GAX | Anderson Cassiano · age_up castle |
| 24:34 | GAX | lee17-han · first_market_sell 100 food |
| 24:50 | GAX | Anderson Cassiano · first_building Barracks |
| 24:57 | GAX | Nuno · first_market_buy 100 food |
| 25:16 | GAX | Urubu · first_building Archery Range |
| 25:24 | GAX | lee17-han · first_building Monastery |
| 25:25 | GAX | SãoPauloFC · first_market_buy 100 food |
| 25:33 | GAX | Kareca · first_building Barracks |
| 25:36 | GAX | Urubu · first_building Monastery |
| 25:41 | GAX | SãoPauloFC · first_market_sell 100 wood |
| 26:58 | GAX | Kareca · first_building Stable |
| 27:18 | GAX | Anderson Cassiano · wall_segment Palisade Wall x6 |
| 27:53 | GAX | toasty · first_building Barracks |
| 28:22 | GAX | SãoPauloFC · age_up castle |
| 28:32 | GAX | SãoPauloFC · first_building Castle |
| 29:03 | GAX | toasty · first_building Archery Range |
| 29:26 | GAX | Anderson Cassiano · first_building Castle |
| 29:50 | GAX | Urubu · first_market_buy 100 stone |
| 31:01 | GAX | toasty · first_building Monastery |
| 31:01 | GAX | Nuno · first_building Siege Workshop |
| 31:31 | GAX | lee17-han · age_up imperial |
| 32:07 | GAX | SãoPauloFC · first_building Barracks |
| 32:36 | GAX | lee17-han · first_building Castle |
| 34:19 | GAX | SãoPauloFC · first_building Siege Workshop |
| 34:28 | GAX | SãoPauloFC · first_building Stable |
| 35:50 | GAX | Urubu · first_building Siege Workshop |
| 35:58 | GAX | Urubu · age_up imperial |
| 36:08 | GAX | Kareca · age_up imperial |
| 37:37 | GAX | lee17-han · wall_segment Palisade Wall x1 |
| 37:37 | GAX | lee17-han · wall_segment Palisade Wall x1 |
| 37:37 | GAX | lee17-han · wall_segment Palisade Wall x1 |
| 37:37 | GAX | lee17-han · wall_segment Palisade Wall x1 |
| 37:38 | GAX | lee17-han · wall_segment Palisade Wall x1 |
| 38:16 | GAX | toasty · age_up imperial |
| 42:51 | GAX | toasty · wall_segment Palisade Wall x1 |
| 43:00 | GAX | lee17-han · wall_segment Palisade Wall x1 |
| 43:19 | GAX | Urubu · tribute_sent a jugador 1 |
| 43:19 | GAX | Urubu · tribute_sent a jugador 2 |
| 43:19 | GAX | Urubu · tribute_sent a jugador 3 |
| 43:19 | GAX | Urubu · tribute_sent a jugador 4 |
| 43:19 | GAX | Urubu · tribute_sent a jugador 5 |
| 43:19 | GAX | Urubu · tribute_sent a jugador 7 |
| 43:19 | GAX | Urubu · tribute_sent a jugador 8 |
| 45:28 | GAX | Urubu · tribute_sent a jugador 1 |
| 45:28 | GAX | Urubu · tribute_sent a jugador 2 |
| 45:28 | GAX | Urubu · tribute_sent a jugador 3 |
| 45:28 | GAX | Urubu · tribute_sent a jugador 4 |
| 45:28 | GAX | Urubu · tribute_sent a jugador 5 |
| 45:28 | GAX | Urubu · tribute_sent a jugador 7 |
| 45:28 | GAX | Urubu · tribute_sent a jugador 8 |
| 45:50 | GAX | Kareca · resign |
[ ANÁLISIS IA · 1 CRÉDITO ]
¿Qué pasó realmente en esta partida?
Wolo.gg analiza cada decisión: build order, eco, micro, errores típicos por bracket. Análisis personalizado por WhatsApp o Discord en 30 segundos.
Guía civ
Muiscas
Perfil
Jugador #1405060